 Dungeon Crawl Stone Soup version 0.24.0-1-gfbc8707 (webtiles) character file.

Game seed: 13420317534355099778, levelgen mode: deterministic

2274 Buxparty the Skirmisher (level 9, -4/74 HPs)
             Began as a Mummy Wanderer on Jan 11, 2020.
             Was an Initiate of Gozag.
             Slain by a yak (8 damage)
             ... on level 8 of the Dungeon.
             The game lasted 00:20:58 (7562 turns).

Buxparty the Skirmisher (Mummy Wanderer)            Turns: 7562, Time: 00:20:59

Health: -4/74      AC: 13    Str: 19    XL:     9   Next: 16%
Magic:  9/9        EV:  9    Int: 11    God:    Gozag
Gold:   288        SH:  0    Dex: 11    Spells: 8/8 levels left

rFire    + . .     SeeInvis .   a - +2 spear
rCold    . . .     Gourm    .   (no shield)
rNeg     + + +     Faith    .   j - +2 fire dragon scales
rPois    ∞         Spirit   .   (no helmet)
rElec    .         Reflect  .   (no cloak)
rCorr    .         Harm     .   (no gloves)
MR       +....                  t - +0 pair of boots
Stlth    ..........             (no amulet)
HPRegen  0.22/turn              (no ring)
MPRegen  0.11/turn              (no ring)

@: no status effects
A: no food or potions, fire vulnerability, cold resistance 1, negative energy
resistance 3, torment resistance, unbreathing
a: Potion Petition, Call Merchant, Bribe Branch, Renounce Religion


You were on level 8 of the Dungeon.
You worshipped Gozag.
Gozag was aware of your devotion.
You were not hungry.

You visited 2 branches of the dungeon, and saw 9 of its levels.

You collected 371 gold pieces.
You paid 83 gold pieces to Gozag.

Inventory:

Hand Weapons
 a - a +2 spear (weapon)
 b - a +0 shortbow
Missiles
 c - 128 arrows
 i - 48 poisoned darts (quivered)
Armour
 j - +2 fire dragon scales (worn)
 t - a +0 pair of boots (worn)
Jewellery
 s - an uncursed ring of protection from fire
Wands
 e - a wand of acid (5)
 l - a wand of iceblast (4)
 n - a wand of clouds (3)
 q - a wand of flame (16)
Scrolls
 d - 2 scrolls of teleportation
 f - 2 scrolls of fog
 g - 2 scrolls of blinking
 h - 2 scrolls of remove curse
 k - 2 scrolls of identify
 m - a scroll of magic mapping
 o - 2 scrolls of immolation {unknown}
 p - a scroll of fear {unknown}
 r - a scroll of enchant weapon {unknown}
 u - a scroll of amnesia {unknown}


   Skills:
 + Level 7.9 Fighting
 * Level 7.1 Polearms
 + Level 5.6 Armour
 - Level 1.0 Stealth
 - Level 1.0 Evocations


You had 8 spell levels left.
You didn't know any spells.
Your spell library contained the following spells:

 Spells                   Type           Power        Failure   Level  Hunger
 Magic Dart               Conj           #...         77%         1    N/A
 Blink                    Tloc           N/A          88%         2    N/A
 Call Imp                 Summ           #.......     88%         2    N/A
 Slow                     Hex            #.......     88%         2    N/A
 Sticks to Snakes         Tmut           #.......     88%         2    N/A
 Conjure Flame            Conj/Fire      #.......     98%         3    N/A
 Mephitic Cloud           Conj/Pois/Air  #.......     98%         3    N/A
 Beastly Appendage        Tmut           Unusable     N/A         1    N/A
 Spider Form              Tmut/Pois      Unusable     N/A         3    N/A
 Ice Form                 Ice/Tmut       Unusable     N/A         4    N/A
 Blade Hands              Tmut           Unusable     N/A         5    N/A

Dungeon Overview and Level Annotations

Branches:
Dungeon (8/15)             Temple (1/1) D:7
   Lair: D:8-11

Altars:
Ashenzari
Cheibriados
Dithmenos
Elyvilon
Fedhas
Gozag
Hepliaklqana
Kikubaaqudgha
Makhleb
Nemelex Xobeh
Okawaru
Qazlal
Ru
Sif Muna
Trog
Uskayaw
Vehumet
Xom
Yredelemnul
Zin
The Shining One

Shops:
D:6 }**(


Innate Abilities, Weirdness & Mutations

You do not eat or drink.
Your flesh is vulnerable to fire.
You are immune to poison.
Your flesh is cold resistant. (rC+)
You are immune to negative energy. (rN+++)
You are immune to unholy pain and torment.
You can survive without breathing.


Message History

You hit the yak.
The yak is heavily wounded.
The yak completely misses you.
You hit the yak.
The yak is heavily wounded.
The yak barely misses you.
You hit the yak.
The yak is heavily wounded.
You barely miss the yak.
The yak is heavily wounded.
The yak barely misses you.
You hit the yak.
The yak is heavily wounded.
The yak gores you.
* * * LOW HITPOINT WARNING * * *
You hit the yak.
The yak is severely wounded.
The yak gores you!
You die...
Your body crumbles into a pile of gold.

..... ......##
.....##...[..#####
.................
..Y......# #.... #..+
+..# ...##..#+#..#
....#...(..#
......##....######..#
........#....Y@.....#
.........##...########
...........#...#
...............# ####
............##..#
##...
............###..#
########...#
............#
#..####..........#
...........##
#...............#
...........#
##....####..###..


You could see a yak.

Vanquished Creatures
  Maurice (D:8)
  2 yaks (D:8)
  Duvessa (D:4)
  A sky beast (D:6)
  A phantom (D:6)
  2 centaurs
  3 bullfrogs
  A wyvern zombie (D:7)
  A big kobold (D:7)
  Dowan (D:4)
  A crimson imp (D:5)
  2 bullfrog zombies
  A centaur zombie (D:7)
  A quasit (D:6)
  2 jellies
  A gnoll shaman (D:3)
  2 orc priests (D:7)
  2 orc wizards
  2 iguanas
  Ijyb (D:4)
  5 worker ants
  A killer bee zombie (D:5)
  A hound zombie (D:7)
  5 adders
  A howler monkey skeleton (D:6)
  6 gnolls
  2 shadow imps
  An ooze (D:2)
  An adder zombie (D:7)
  3 worms
  2 adder skeletons (D:5)
  3 leopard geckos
  13 orcs
  9 bats
  8 giant cockroaches
  5 goblins
  11 hobgoblins
  7 jackals
  17 kobolds
  3 quokkas
  2 frilled lizards (D:2)
  A quokka skeleton (D:7)
  9 rats
145 creatures vanquished.

Notes
Turn   | Place    | Note
-------+----------+-------------------------------------------
     0 | D:1      | Buxparty the Mummy Wanderer began the quest for the Orb.
     0 | D:1      | Buxparty set off with the following items: a +2 spear, a +0
                  | shortbow, 24 arrows, a scroll of teleportation, a +0 robe
     0 | D:1      | Reached XP level 1. HP: 21/21 MP: 1/1
    90 | D:1      | Reached XP level 2. HP: 15/27 MP: 2/2
   138 | D:1      | Reached skill level 1 in Polearms
   456 | D:1      | Reached XP level 3. HP: 33/33 MP: 3/3
   999 | D:2      | Reached XP level 4. HP: 39/39 MP: 4/4
  1848 | D:3      | Found a faded altar of an unknown god.
  1927 | D:3      | Found a stormy altar of Qazlal.
  2017 | D:3      | Found a sparkling altar of Nemelex Xobeh.
  2249 | D:4      | Found a shimmering altar of Xom.
  2392 | D:4      | Reached XP level 5. HP: 39/45 MP: 5/5
  2788 | D:4      | Noticed Dowan
  2791 | D:4      | Noticed Duvessa
  2824 | D:4      | Killed Dowan
  3078 | D:4      | Noticed Ijyb
  3100 | D:4      | Killed Ijyb
  3100 | D:4      | Reached XP level 6. HP: 26/52 MP: 6/6
  3641 | D:5      | Entered Level 5 of the Dungeon
  3958 | D:5      | Found a bloodstained altar of Trog.
  4215 | D:5      | Reached XP level 7. HP: 45/58 MP: 7/7
  4361 | D:4      | Killed Duvessa
  4781 | D:6      | Found Ototinnof's General Store.
  4951 | D:6      | Found a glowing golden altar of the Shining One.
  4959 | D:6      | Found Nixof's Weapon Boutique.
  5014 | D:6      | Reached skill level 5 in Polearms
  5303 | D:6      | Found Eqeumih's Gadget Emporium.
  5399 | D:6      | Found a shimmering blue altar of Sif Muna.
  5577 | D:6      | Found Vuomnus's Assorted Antiques.
  5593 | D:6      | Reached XP level 8. HP: 57/65 MP: 8/8
  6399 | D:7      | Found a blossoming altar of Fedhas.
  6484 | D:7      | Reached skill level 5 in Armour
  6607 | D:7      | Found a snail-covered altar of Cheibriados.
  6773 | D:7      | Found a staircase to the Ecumenical Temple.
  6779 | Temple   | Entered the Ecumenical Temple
  6786 | Temple   | Became a worshipper of Gozag Ym Sagoz the Greedy
  6875 | D:8      | Noticed Maurice
  6916 | D:8      | Killed Maurice
  7335 | D:8      | Reached XP level 9. HP: 57/73 MP: 9/9
  7562 | D:8      | Slain by a yak

Levels and vault maps discovered:
D:1:      dpeg_arrival_tiny_c, layout_basic
D:2:      minmay_chambers_of_twos, layout_basic, kennysheep_crisscross
D:3:      layout_rooms, nicolae_overflow_crystal_walls, old_standard_altar,
          chequers_ecumenical_altar_island, first_ration
D:4:      layout_basic, lemuel_crystal_altar, minmay_misc_feat_pillars,
          kennysheep_nondescript, uniq_duvessa, uniq_ijyb
D:5:      layout_basic, kennysheep_mini
D:6:      layout_basic, overflow_temple_1_default, led_sif_pool, serial_shops,
          nicolae_shop_crystal, shop, nicolae_shop_stone, shop
D:7:      layout_loops_ring, lemuel_doored_altar, cheibrodos_worm_habitat,
          temple_green
D:8:      layout_layer_cave, kennysheep_mini_moat, uniq_maurice
Temple:   cyrus_circular_temple

Skill      XL: |  1  2  3  4  5  6  7  8  9 |
---------------+----------------------------+-----
Polearms       | 1 2 3 4 5 6 7 |  7.1
Armour         | 3 4 5 |  5.6
Fighting       | 6 7 |  7.9
Stealth        | |  1.0
Evocations     | |  1.0

Action                   |  1- 3 |  4- 6 |  7- 9 || total
-------------------------+-------+-------+-------++-------
Melee: Spear             |   124 |   374 |   427 ||   925
Throw: Dart              |       |       |     7 ||     7
  Use: Scroll            |     4 |     3 |     2 ||     9
 Stab: Sleeping          |     2 |       |       ||     2
Armor: Robe              |    11 |       |       ||    11
       Ring mail         |    14 |    21 |       ||    35
       Fire dragon scale |       |   117 |   155 ||   272
Dodge: Dodged            |    59 |   151 |   132 ||   342
